Map: 2000 Atmospheres LE

Players

Clem - Winner!

  • Race: Terran Terran

Hellraiser

  • Race: Protoss Protoss

Event: DreamHack SC2 Masters 2021 Winter

VOD

Have the link to the VOD?

Description

Time

  • Played on: Oct. 1, 2021, 12:44 p.m.
  • Length: 10:20

All games in this series

Show
View Real Time Build Order
Export as new Build Order

Clem Terran - Winner!

Build Orders:  

Get SALT Encoding   

  12  0:00  SCV  
  13  0:12  SCV  
  14  0:16  Supply Depot  
  14  0:24  SCV  
  15  0:38  SCV  
  15  0:39  Barracks  
  16  0:43  Refinery  
  16  0:50  SCV  
  17  1:02  SCV  
  18  1:14  SCV  
  19  1:27  Barracks Reactor, Orbital Command  
  19  1:39  Engineering Bay  
  19  1:42  Supply Depot  
  19  1:44  Refinery  
  19  1:52  SCV  
  20  2:04  Factory, Marine x2  
  20  2:05  SCV  
  23  2:08  Bunker  
  23  2:17  SCV  
  23  2:22  Marine  
  25  2:24  Supply Depot  
  25  2:29  SCV  
  26  2:40  Marine  
  26  2:41  SCV, Marine  
  29  2:48  Factory Tech Lab  
  28  3:00  Command Center  
  28  3:03  Marine  
  28  3:05  SCV  
  30  3:09  Cyclone  
  30  3:10  Marine  
  34  3:14  Supply Depot  
  34  3:17  SCV  
  35  3:24  Barracks  
  35  3:29  SCV, Marine  
  35  3:32  Marine  
  38  3:41  SCV  
  38  3:45  Cyclone  
  42  3:49  Marine  
  42  3:51  Marine  
  42  3:53  SCV  
  45  4:03  Barracks  
  45  4:06  SCV  
  45  4:07  Marine  
  47  4:12  Orbital Command  
  47  4:18  SCV  
  47  4:20  Marine  
  47  4:21  Stimpack  
  49  4:28  Marine  
  49  4:30  SCV  
  51  4:31  Marine  
  51  4:37  Starport  
  51  4:38  SCV  
  53  4:40  Factory Reactor  
  53  4:42  SCV  
  54  4:48  Engineering Bay  
  54  4:50  SCV  
  55  4:53  Barracks Tech Lab  
  55  4:54  SCV, Marine x2  
  55  4:56  Marine  
  55  4:59  Supply Depot  
  59  5:02  SCV  
  59  5:06  SCV  
  61  5:13  Combat Shield  
  61  5:14  Missile Turret  
  61  5:15  SCV  
  66  5:21  Factory Reactor  
  66  5:25  Supply Depot  
  66  5:26  SCV  
  66  5:27  SCV  
  68  5:30  Medivac  
  68  5:34  Marine  
  70  5:39  Medivac, Marine x2  
  70  5:43  Supply Depot, Missile Turret  
  70  5:46  SCV x2, Marine  
  70  5:47  Refinery  
  73  5:50  Terran Infantry Weapons Level 1  
  73  5:53  Supply Depot  
  73  5:57  Marine x2  
  73  5:59  Marine  
  73  6:01  SCV  
  73  6:02  SCV  
  78  6:09  Refinery  
  77  6:12  Viking  
  77  6:15  Viking  
  74  6:20  Marine x2  
  74  6:21  SCV, Marine  
  74  6:24  Marine  
  74  6:26  Widow Mine  
  76  6:34  SCV x2  
  76  6:38  Marine x2  
  80  6:40  Marine  
  80  6:42  Marine  
  80  6:45  Viking x2  
  86  6:49  Widow Mine  
  86  6:50  Widow Mine  
  86  6:53  Supply Depot  
  90  6:55  Marine  
  90  6:58  Marine x2  
  91  7:08  Command Center  
  91  7:14  Widow Mine x2  
  91  7:18  SCV  
  91  7:19  Marine  
  91  7:20  Supply Depot  
  91  7:22  Marine  
  91  7:24  Marine x2  
  92  7:32  Viking  
  92  7:33  Viking  
  92  7:36  Marine  
  96  7:37  Supply Depot  
  96  7:40  Marine  
  96  7:42  Marine x2  
  89  7:48  Widow Mine  
  81  7:53  SCV  
  81  7:54  Marine  
  81  7:58  Marine  
  78  8:00  Marine x2  
  78  8:02  Viking  
  78  8:03  Viking  
  80  8:12  Marine  
  81  8:16  Marine  
  81  8:18  Widow Mine x2, Marine x2  
  88  8:24  SCV x2  
  90  8:27  Supply Depot  
  90  8:30  Marine  
  90  8:32  Viking x2  
  95  8:39  Command Center  
  95  8:41  Marine x2  
  95  8:44  SCV x2  
  95  8:47  Marine  
  96  8:51  Widow Mine x2  
  96  8:53  Supply Depot  
  96  8:54  Marine  
  101  8:57  SCV x2  
  103  9:03  Supply Depot  
  103  9:07  Viking  
  103  9:08  Viking  
  106  9:12  Marine  
  106  9:13  SCV x2  
  106  9:18  Marine  
  106  9:19  Marine  
  106  9:21  Marine  
  106  9:24  Widow Mine x2  
  107  9:25  SCV x2  
  107  9:30  Marine  
  109  9:36  Marine  
  109  9:37  Marine  
  109  9:38  SCV, Barracks  
  106  9:39  Marine, Barracks  
  106  9:41  SCV  
  103  9:46  Medivac x2  
  103  9:49  Marine  
  108  9:54  Marine  
  108  9:55  Marine  
  108  9:56  Widow Mine  
  108  9:57  Marine  
Show
View Real Time Build Order
Export as new Build Order

Hellraiser Protoss 

Build Orders:  

Get SALT Encoding   

  12  0:00  Probe  
  13  0:12  Probe  
  14  0:17  Pylon  
  14  0:24  Probe (Chrono Boost)  
  15  0:37  Gateway, Probe (Chrono Boost)  
  16  0:43  Probe (Chrono Boost)  
  16  0:46  Assimilator  
  17  0:51  Probe  
  17  0:54  Assimilator  
  18  1:03  Probe  
  19  1:15  Probe  
  20  1:23  Cybernetics Core  
  20  1:27  Probe  
  20  1:28  Pylon  
  21  1:39  Probe  
  22  1:51  Probe  
  23  1:57  Adept (Chrono Boost)  
  25  2:03  Probe  
  25  2:07  Stargate  
  26  2:15  Probe  
  29  2:25  Zealot  
  29  2:28  Probe, Pylon  
  29  2:40  Probe  
  30  2:50  Void Ray (Chrono Boost)  
  33  2:58  Probe  
  35  3:10  Probe  
  35  3:11  Nexus  
  36  3:13  Shield Battery  
  36  3:19  Pylon  
  36  3:22  Probe  
  37  3:28  Void Ray (Chrono Boost)  
  37  3:34  Probe  
  42  3:44  Stargate  
  42  3:46  Probe  
  43  3:52  Assimilator  
  43  3:59  Probe  
  44  4:11  Probe, Pylon  
  44  4:15  Assimilator  
  45  4:21  Void Ray (Chrono Boost), Protoss Air Weapons Level 1 (Chrono Boost)  
  45  4:23  Probe  
  46  4:27  Probe  
  51  4:33  Void Ray (Chrono Boost)  
  55  4:39  Probe  
  55  4:40  Probe  
  57  4:52  Void Ray (Chrono Boost), Probe  
  62  4:53  Probe  
  63  5:00  Void Ray (Chrono Boost)  
  63  5:01  Pylon  
  63  5:04  Probe  
  64  5:10  Probe  
  69  5:16  Probe  
  70  5:22  Probe  
  70  5:26  Fleet Beacon  
  70  5:28  Probe  
  72  5:34  Probe  
  73  5:37  Void Ray  
  73  5:39  Pylon  
  73  5:40  Probe  
  78  5:51  Void Ray (Chrono Boost)  
  78  6:03  Nexus  
  82  6:06  Probe x2  
  84  6:16  Flux Vanes  
  84  6:19  Probe  
  84  6:20  Probe  
  84  6:21  Void Ray (Chrono Boost)  
  86  6:30  Forge  
  86  6:35  Shield Battery  
  86  6:37  Pylon  
  86  6:44  Shield Battery  
  86  6:45  Shield Battery  
  86  6:49  Void Ray  
  86  6:53  Void Ray  
  86  6:56  Pylon  
  94  7:06  Protoss Air Weapons Level 2  
  94  7:13  Photon Cannon  
  94  7:14  Probe x2  
  96  7:18  Probe  
  93  7:26  Void Ray (Chrono Boost), Probe  
  93  7:27  Probe  
  94  7:32  Shield Battery  
  94  7:34  Photon Cannon  
  92  7:46  Void Ray (Chrono Boost)  
  86  7:56  Probe  
  69  7:58  Probe  
  69  8:00  Void Ray (Chrono Boost)  
  66  8:08  Probe  
  66  8:11  Probe  
  68  8:17  Void Ray (Chrono Boost)  
  60  8:20  Probe  
  60  8:23  Probe  
  66  8:27  Void Ray (Chrono Boost)  
  66  8:32  Probe  
  67  8:35  Probe  
  72  8:42  Pylon  
  72  8:44  Probe  
  72  8:47  Photon Cannon  
  66  8:56  Void Ray (Chrono Boost)  
  66  8:58  Photon Cannon  
  69  9:06  Void Ray  
  73  9:24  Probe  
  70  9:26  Probe  
  70  9:30  Void Ray (Chrono Boost)  
  71  9:36  Probe  
  76  9:39  Probe  
  73  9:48  Probe  
  70  9:56  Probe  
  75  10:00  Probe  

Tags
 
Add a new tag
Caveats
  • Supply blocks, unpowered buildings, or Contaminate may cause inaccurate times.
  • Supply counts are checked every 10 seconds.